 Dungeon Crawl Stone Soup version 0.14-a0-2592-g262d02f (webtiles) character file.

329 MackTheKnife the Cudgeler (level 5, -9/45 HPs)
             Began as a Hill Orc Fighter on Feb 12, 2014.
             Mangled by Menkaure (15 damage)
             ... on Level 4 of the Dungeon.
             The game lasted 00:04:40 (2885 turns).

MackTheKnife the Cudgeler (Hill Orc Fighter)        Turns: 2885, Time: 00:04:40

HP  -9/45        AC  7     Str 19      XL: 5   Next: 62%
MP   5/5         EV  6     Int  8      God:
Gold 147         SH 19     Dex 11      Spells:  0 memorised,  4 levels left

rFire  . . .     SeeInvis .     r - +0 flail
rCold  . . .     Clarity  .     b - +0 orc scale mail (curse)
rNeg   . . .     Conserve .     c - +0 orc shield
rPois  .         rCorr    .     (no helmet)
rElec  .         rRot     .     (no cloak)
SustAb . .       Spirit   .     (no gloves)
rMut   .         Warding  .     (no boots)
Saprov + . .     Stasis   .     (no amulet)
MR     .....                    (no ring)
                                (no ring)

@: mildly poisoned, not resistant to hostile enchantments, extremely unstealthy
A: saprovore 1
a: no special abilities


You were on level 4 of the Dungeon.
You were hungry.

You visited 1 branch of the dungeon, and saw 4 of its levels.

You collected 147 gold pieces.


Innate Abilities, Weirdness & Mutations

You can tolerate rotten meat.


   Skills:
 - Level 3.6 Fighting
 + Level 6.2 Maces & Flails
 - Level 3.2 Armour
 - Level 3.2 Shields


You had 4 spell levels left.
You didn't know any spells.

Inventory:

Hand weapons
 r - a +0,+0 flail (weapon)
Armour
 b - a cursed +0 orcish scale mail (worn)
 c - a +0 orcish shield (worn)
Comestibles
 d - 2 meat rations
 f - a slice of pizza
 l - an apple
 p - 5 grapes
 q - a choko
 u - 3 bread rations
Scrolls
 a - a scroll of remove curse {unknown}
 g - 2 scrolls of recharging {unknown}
 h - 3 scrolls of curse jewellery {unknown}
 i - 3 scrolls of identify {unknown}
 j - 2 scrolls of blinking {unknown}
 n - 2 scrolls of magic mapping {unknown}
 o - a scroll of curse weapon {unknown}
 s - a scroll of immolation {unknown}
 v - a scroll of fog {unknown}
 w - a scroll of teleportation {unknown}
 x - a scroll of random uselessness {unknown}
Potions
 e - a potion of heal wounds
 k - 4 potions of curing {unknown}
 m - a potion of brilliance {unknown}
 t - a potion of confusion {unknown}
 A - a potion of restore abilities {unknown}

▒ ·▒
▒·▒▒▒▒▒▒▒·▒▒
▒▒▒····<·£···▒
··········o···▒
·8···8···8M▒·▒
···▒£··▒··?▒ ▒·
▒▒·▒▒▒·▒▒ ▒··
··· ···8 ·8··
▒·· ···▒ ▒▒·▒▒
···


You could see Menkaure.


Message History

The worker ant is severely wounded.
The worker ant completely misses you.
Menkaure gestures wildly while chanting.
Menkaure seems to speed up.
You hit the worker ant.
You kill the worker ant!
Your Maces & Flails skill increases to level 6!
You feel sick.
Menkaure calls on the powers of darkness!
Your body is wracked with pain!
* * * LOW HITPOINT WARNING * * *
You hit Menkaure.
Menkaure is lightly damaged.
You block Menkaure's attack.
You hit Menkaure but do no damage.
Menkaure is lightly damaged.
* * * LOW HITPOINT WARNING * * *
You feel sick. Menkaure barely misses you.
Menkaure calls on the powers of darkness!
Your body is wracked with pain!
* * * LOW HITPOINT WARNING * * *
You hit Menkaure.
Menkaure is moderately damaged.
* * * LOW HITPOINT WARNING * * *
You feel sick. Menkaure barely misses you.
You are feeling hungry.
You hit Menkaure.
Menkaure is moderately damaged.
You block Menkaure's attack. Menkaure hits you!
You die...

Action                   |  1- 3 |  4- 6 || total
-------------------------+-------+-------++-------
Melee: Mace              |    47 |       ||    47
       Flail             |    69 |   165 ||   234
  Use: Potion            |       |     2 ||     2
       Scroll            |       |     1 ||     1

Vault maps used:
D:1:      onia_arrival_pyramid
D:2:      first_bread
D:4:      general_overflow_altar, gammafunk_temple_overflow_claw,
          minmay_misc_feat_four_crosses, uniq_menkaure

Notes
Turn   | Place    | Note
--------------------------------------------------------------
     0 | D:1      | MackTheKnife, the Hill Orc Fighter, began the quest for the Orb.
     0 | D:1      | Reached XP level 1. HP: 19/19 MP: 1/1
   274 | D:1      | Reached skill level 3 in Maces & Flails
   274 | D:1      | Reached XP level 2. HP: 26/26 MP: 2/2
   654 | D:1      | Reached XP level 3. HP: 25/31 MP: 3/3
   771 | D:1      | Reached skill level 4 in Maces & Flails
  1369 | D:2      | Reached XP level 4. HP: 39/39 MP: 4/4
  1421 | D:2      | Reached skill level 5 in Maces & Flails
  2145 | D:3      | Noticed Kae's ghost (average OpIE)
  2222 | D:3      | Reached XP level 5. HP: 40/45 MP: 5/5
  2492 | D:3      | HP: 3/45 [Kae's ghost/puff of frost (8)]
  2873 | D:4      | Noticed Menkaure
  2881 | D:4      | Reached skill level 6 in Maces & Flails
  2885 | D:4      | Mangled by Menkaure

Vanquished Creatures
  A worker ant (D:4)
  A gnoll (D:1)
  6 adders
  A giant mite (D:1)
  An inept feature mimic (D:2)
  A giant gecko (D:3)
  3 oozes (D:2)
  4 orcs (D:3)
  9 bats
  6 giant cockroaches
  4 hobgoblins
  3 jackals (D:2)
  3 quokkas
  2 ball pythons
  6 giant newts
  8 goblins
  11 kobolds
  11 rats
81 creatures vanquished.
